 Dungeon Crawl Stone Soup version 0.15.0-23-gc2b521c (webtiles) character file.

104 Leibowitz the Covered (level 4, -1/41 HPs)
             Began as a Minotaur Fighter on Sept 7, 2014.
             Slain by Grinder (2 damage)
             ... while paralysed by Grinder
             ... on Level 3 of the Dungeon.
             The game lasted 00:10:48 (1774 turns).

Leibowitz the Covered (Minotaur Fighter)            Turns: 1774, Time: 00:10:48

HP  -1/41        AC  7     Str 27      XL: 4   Next: 52%
MP  11/11        EV  2     Int 10      God:
Gold 80          SH  0     Dex  9      Spells:  0 memorised,  3 levels left

rFire  . . .     SeeInvis .     a - +0 war axe
rCold  . . .     Clarity  .     b - +0 scale mail
rNeg   . . .     rCorr    .     c - +0 shield
rPois  .         rRot     .     (helmet restricted)
rElec  .         Spirit   .     (no cloak)
SustAb .         Warding  .     (no gloves)
rMut   .         Stasis   .     (no boots)
Gourm  +                        m - amulet of the gourmand
MR     .....                    (no ring)
                                f - ring of magical power

@: paralysed, mighty, brilliant, not resistant to hostile enchantments,
extremely unstealthy
A: retaliatory headbutt, horns 2
a: no special abilities


You were on level 3 of the Dungeon.
You were full.

You visited 1 branch of the dungeon, and saw 3 of its levels.

You collected 80 gold pieces.

Inventory:

Hand weapons
 a - a +0 war axe (weapon)
Armour
 b - a +0 scale mail (worn)
 c - a +0 shield (worn)
Comestibles
 d - 3 bread rations
 g - 10 fruits
 l - 2 meat rations
Scrolls
 o - a scroll of recharging {unknown}
 p - a scroll of enchant armour {unknown}
 q - a scroll of magic mapping {unknown}
Jewellery
 f - a ring of magical power (left hand)
 m - an amulet of the gourmand (around neck)
 n - an uncursed ring of magical power
 t - an uncursed amulet of resist mutation
Potions
 h - a potion of lignification {unknown}
 i - a potion of restore abilities {unknown}
 k - a potion of brilliance
 r - a potion of cancellation {unknown}


   Skills:
 + Level 4.4 Fighting
 + Level 3.1 Axes
 + Level 4.6 Armour
 + Level 1.0 Dodging
 + Level 4.3 Shields


You had 3 spell levels left.
You didn't know any spells.

Dungeon Overview and Level Annotations

Branches:
Dungeon (3/15)

Altars:

Annotations:
D:3 Grinder


Innate Abilities, Weirdness & Mutations

You reflexively headbutt those who attack you in melee.
You have a pair of horns on your head.


Message History

Drink which item? (? for menu, Esc to quit)
You feel better. Grinder gestures at you.
You barely resist.
Drink which item? (? for menu, Esc to quit)
You feel very mighty all of a sudden. Grinder gestures at you.
You suddenly lose the ability to move!
Grinder hits you.
* * * LOW HITPOINT WARNING * * *
You writhe in agony. x2
Grinder hits you but does no damage.
Grinder says, "There's only one good use for a tongue: cutting it out."
Grinder hits you.
* * * LOW HITPOINT WARNING * * *
You writhe in agony. x2
Grinder hits you!
* * * LOW HITPOINT WARNING * * *
You writhe in agony.
You die...

###### #......####
+.........#
#......##.# #......
#.# #...... #.#
##......##.########
........'..........
##......##@##.#####
........#5##.#
#.........##.#########
#......#..............
#######.###[#####....
####.###.# #......##.#
#......##.#
#......##.####...


You could see Grinder.

Vanquished Creatures
  2 adders (D:2)
  4 gnolls (D:2)
  2 worms (D:2)
  A giant gecko (D:1)
  An orc (D:3)
  A bat (D:1)
  7 hobgoblins
  4 jackals (D:2)
  A quokka (D:2)
  2 giant cockroaches (D:1)
  7 giant newts
  3 goblins
  4 kobolds
  A rat (D:1)
40 creatures vanquished.

Notes
Turn   | Place    | Note
--------------------------------------------------------------
     0 | D:1      | Leibowitz, the Minotaur Fighter, began the quest for the Orb.
     0 | D:1      | Reached XP level 1. HP: 19/19 MP: 1/1
     6 | D:1      | Noticed an anaconda
     6 | D:1      | Noticed a swamp worm
     6 | D:1      | Noticed a black bear
     6 | D:1      | Noticed a hog
   196 | D:1      | Reached XP level 2. HP: 21/27 MP: 1/1
   730 | D:1      | Reached skill level 4 in Fighting
   855 | D:2      | Reached XP level 3. HP: 23/33 MP: 2/2
  1061 | D:2      | Reached XP level 4. HP: 35/40 MP: 2/2
  1297 | D:2      | Reached skill level 1 in Dodging
  1741 | D:3      | Noticed Grinder
  1770 | D:3      | Paralysed by Grinder for 6 turns
  1774 | D:3      | HP: 1/41 [Grinder (7)]
  1774 | D:3      | Slain by Grinder

Action                   |  1- 3 |  4- 6 || total
-------------------------+-------+-------++-------
Melee: War axe           |    64 |    49 ||   113
  Use: Potion            |       |     5 ||     5
       Scroll            |       |     2 ||     2
  Eat: Chunk             |       |     9 ||     9
